 Dungeon Crawl Stone Soup version 0.17.0-18-gaab0e96 (webtiles) character file.

4190 oplop the Spear-Bearer (level 10, 0/120 HPs)
             Began as a Merfolk Gladiator on Nov 11, 2015.
             Was a Follower of Cheibriados.
             Slain by Grum
             ... wielding a +0 spear
              (7 damage)
             ... on level 8 of the Dungeon.
             The game lasted 00:12:54 (7164 turns).

oplop the Spear-Bearer (Merfolk Gladiator)          Turns: 7164, Time: 00:12:54

Health: 0/120      AC: 25    Str: 20    XL:     10   Next: 29%
Magic:  12/12      EV:  2    Int: 10    God:    Cheibriados [*.....]
Gold:   370        SH:  0    Dex: 20    Spells: 0 memorised, 9 levels left

rFire  + . .     SeeInvis .     x - +0 halberd
rCold  . . .     Clarity  .     (armour currently unavailable)
rNeg   + + +     SustAt   .     (shield currently unavailable)
rPois  +         Gourm    .     (helmet currently unavailable)
rElec  .         Spirit   .     (cloak currently unavailable)
rCorr  .         Warding  .     (gloves currently unavailable)
rMut   .         NoTele   +     (boots currently unavailable)
MR     .....                    (no amulet)
Stlth  ++........               q - +3 ring of strength
                                z - ring of protection from fire

@: tree-form, very slow, not resistant to hostile enchantments, unstealthy
A: (change form in water), (swift swim)
a: Bend Time, Renounce Religion


You were on level 8 of the Dungeon.
You worshipped Cheibriados.
Cheibriados was aware of your devotion.
You were not hungry.
You were a tree.
You visited 2 branches of the dungeon, and saw 9 of its levels.

You collected 370 gold pieces.

Inventory:

Hand Weapons
 a - a +0 trident
 m - a +0 trident
 x - a +0 halberd (weapon)
 A - the +6 rapier "Tyorr" {flame, *Noise Str+4 Int+5}
   (You found it on level 5 of the Dungeon)

   It has been specially enchanted to burn those struck by it, causing extra
   injury to most foes and up to half again as much damage against particularly
   susceptible opponents.
   It affects your strength (+4).
   It affects your intelligence (+5).
   It may make noises in combat.
Missiles
 J - 2 javelins (quivered)
Armour
 c - a +0 helmet (melded)
 i - a +0 pair of boots (melded)
 y - a +1 leather armour of magic resistance (melded)
 F - a +0 cloak (melded)
 G - a +0 pair of gloves (melded)
Jewellery
 q - a +3 ring of strength (right branch)
 z - a ring of protection from fire (left branch)
 C - an uncursed ring of fire
 E - an uncursed ring of flight
Wands
 b - a wand of slowing (14)
 u - a wand of teleportation (0)
 w - a wand of fireball (3)
 I - a wand of flame (19)
Scrolls
 f - 2 scrolls of remove curse
 g - 2 scrolls of immolation {unknown}
 h - 5 scrolls of teleportation
 j - 3 scrolls of fear
 l - 5 scrolls of identify {unknown}
 n - a scroll of amnesia {unknown}
 r - 2 scrolls of enchant weapon {unknown}
 t - 3 scrolls of noise {unknown}
 v - a scroll of blinking {unknown}
 K - a scroll of magic mapping {unknown}
Potions
 d - 2 potions of haste
 o - 2 potions of curing
 D - 2 potions of ambrosia {unknown}
 H - a potion of brilliance {unknown}
Books
 s - a book of Death

   Spells                             Type                      Level
   a - Corpse Rot                     Necromancy                   2
   b - Sublimation of Blood           Necromancy                   2
   c - Agony                          Necromancy                   5
   d - Dispel Undead                  Necromancy                   5
   e - Excruciating Wounds            Charms/Necromancy            5
   f - Bolt of Draining               Conjuration/Necromancy       5
Comestibles
 e - 7 bread rations
 k - 2 beef jerkies
 p - 2 meat rations
 L - a chunk of flesh


   Skills:
 - Level 7.7 Fighting
 + Level 11.0 Polearms
 - Level 6.8 Throwing
 + Level 2.1 Armour
 + Level 10.4 Dodging
 + Level 3.0 Invocations


You had 9 spell levels left.
You didn't know any spells.

Dungeon Overview and Level Annotations

Branches:
Dungeon (8/15)             Temple (1/1) D:7
   Lair: D:8-11

Altars:
Ashenzari
Cheibriados
Dithmenos
Elyvilon
Fedhas
Gozag
Kikubaaqudgha
Makhleb
Nemelex Xobeh
Okawaru
Qazlal
Ru
Sif Muna
Trog
Vehumet
Xom
Yredelemnul
Zin
The Shining One

Shops:
D:4 (   D:5 (

Annotations:
D:6 JudasIscariot's ghost, novice OgFi
D:8 Grum


Message History

Grum hits you but does no damage.
Attack whom?
Press: ? - help, Dir - move target cursor, f/p - Grum
Aim: Grum, wielding a spear and wearing an animal skin (almost dead)
You reach to attack!
You barely miss Grum.
Grum is almost dead.
Grum barely misses you.
Attack whom?
Press: ? - help, Dir - move target cursor, f/p - Grum
Aim: Grum, wielding a spear and wearing an animal skin (almost dead)
You reach to attack!
You hit Grum.
Grum is almost dead.
Grum hits you but does no damage.
Attack whom?
Press: ? - help, Dir - move target cursor, f/p - Grum
Aim: Grum, wielding a spear and wearing an animal skin (almost dead)
You reach to attack!
You closely miss Grum.
Grum is almost dead.
Grum hits you from afar with a spear!
You die...

#### ..# #
..#.# #
####.#!##.## #.
#...†g.(....
... #†#
....###♣#
........#
........#######
.##.###.......#
# #.......#
#.......#
#.......#
#.......#
#.......#


You could see Grum.

Vanquished Creatures
  Pikel (D:5)
  Maurice (D:8)
  Grinder (D:3)
  A hippogriff (D:7)
  4 wolves (D:8)
  3 sky beasts
  3 orc warriors
  A black bear (D:8)
  2 centaurs
  3 necrophages
  5 ogres
  A big kobold (D:7)
  A giant frog (D:7)
  A killer bee (D:8)
  2 hounds
  A jelly (D:7)
  3 worker ants
  Crazy Yiuf (D:7)
  2 giant frog skeletons
  3 orc priests
  Jessica (D:3)
  8 orc wizards
  Robin (D:3)
  9 gnolls
  10 adders
  2 shadow imps
  2 oozes
  An adder zombie (D:8)
  3 worms
  24 orcs
  2 giant cockroaches
  9 goblins
  9 hobgoblins
  5 jackals
  A ball python (D:1)
  A ball python skeleton (D:4)
  4 bats
  A giant gecko skeleton (D:4)
  A giant gecko zombie (D:8)
  4 giant newts
  11 kobolds
  3 quokkas
  8 rats
  A butterfly (D:7)
161 creatures vanquished.

Vanquished Creatures (others)
  An iguana (D:5)
  An adder skeleton (D:5)
  A giant gecko (D:5)
  2 jackals (D:5)
5 creatures vanquished.

Grand Total: 166 creatures vanquished

Notes
Turn   | Place    | Note
--------------------------------------------------------------
     0 | D:1      | oplop the Merfolk Gladiator began the quest for the Orb.
     0 | D:1      | Reached XP level 1. HP: 16/16 MP: 1/1
   135 | D:1      | Found a shattered altar of Ashenzari.
   222 | D:1      | Reached XP level 2. HP: 23/23 MP: 2/2
   723 | D:2      | Found a faded altar to an unknown god.
   821 | D:2      | Reached XP level 3. HP: 13/28 MP: 3/3
  1315 | D:2      | Reached skill level 5 in Polearms
  1557 | D:3      | Reached XP level 4. HP: 27/34 MP: 4/4
  1592 | D:3      | Noticed Jessica
  1608 | D:3      | Killed Jessica
  1809 | D:3      | Noticed Grinder
  1824 | D:3      | Killed Grinder
  1824 | D:3      | Reached skill level 6 in Polearms
  1824 | D:3      | Reached skill level 5 in Dodging
  1824 | D:3      | Reached XP level 5. HP: 31/42 MP: 5/5
  1824 | D:3      | Reached XP level 6. HP: 35/48 MP: 6/6
  1898 | D:3      | Noticed Robin
  1937 | D:3      | Killed Robin
  1961 | D:3      | Found a bloodstained altar of Trog.
  2219 | D:4      | Reached XP level 7. HP: 23/55 MP: 7/7
  2245 | D:4      | Reached skill level 7 in Polearms
  2587 | D:4      | Reached skill level 5 in Fighting
  3039 | D:4      | Found Emeix's Weapon Emporium.
  3077 | D:5      | Entered Level 5 of the Dungeon
  3185 | D:5      | Noticed Pikel
  3223 | D:5      | Killed Pikel
  3223 | D:5      | Reached skill level 8 in Polearms
  3223 | D:5      | Reached skill level 5 in Throwing
  3223 | D:5      | Reached XP level 8. HP: 8/64 MP: 8/8
  3481 | D:5      | Found Wipnus's Antique Weapon Shop.
  3976 | D:5      | Got a brightly glowing rapier
  3977 | D:5      | Identified the +6 rapier "Tyorr" {flame, *Noise Str+4 Int+5} (You found it on level 5 of the Dungeon)
  4122 | D:6      | Reached skill level 9 in Polearms
  4122 | D:6      | Reached XP level 9. HP: 8/71 MP: 9/9
  4206 | D:6      | Found a sparkling altar of Nemelex Xobeh.
  4593 | D:6      | Noticed JudasIscariot's ghost (novice OgFi)
  5463 | D:7      | Noticed Crazy Yiuf
  5465 | D:7      | Killed Crazy Yiuf
  5796 | D:7      | Reached skill level 10 in Polearms
  6185 | D:7      | Found a staircase to the Ecumenical Temple.
  6421 | Temple   | Entered the Ecumenical Temple
  6535 | Temple   | Became a worshipper of Cheibriados the Contemplative
  6603 | D:8      | Noticed Maurice
  6706 | D:8      | Killed Maurice
  6706 | D:8      | Reached skill level 1 in Armour
  6706 | D:8      | Reached skill level 10 in Dodging
  6706 | D:8      | Reached skill level 1 in Invocations
  6706 | D:8      | Reached XP level 10. HP: 48/80 MP: 9/11
  7064 | D:8      | Reached * piety under Cheibriados
  7143 | D:8      | Noticed Grum
  7150 | D:8      | Reached skill level 11 in Polearms
  7151 | D:8      | HP: 1/80 [Grum/spear (17)]
  7159 | D:8      | HP: 5/120 [Grum/spear (5)]
  7164 | D:8      | Slain by Grum

Action                   |  1- 3 |  4- 6 |  7- 9 | 10-12 || total
-------------------------+-------+-------+-------+-------++-------
Melee: Trident           |   128 |   132 |   107 |       ||   367
       Halberd           |       |       |    60 |    59 ||   119
       Rapier            |       |       |   169 |    18 ||   187
Throw: Javelin           |       |     8 |    24 |       ||    32
       Throwing net      |       |     1 |     3 |       ||     4
Evoke: Wand              |       |       |     4 |     1 ||     5
  Use: Potion            |       |     4 |     1 |     4 ||     9
       Scroll            |       |     3 |       |       ||     3
 Stab: Sleeping          |     1 |     1 |     5 |       ||     7
       Held in net/web   |       |       |     3 |       ||     3
  Eat: Chunk             |     2 |     2 |    12 |       ||    16
       Pizza             |       |       |     1 |       ||     1
       Meat ration       |       |       |     1 |       ||     1
